Cogmind - Beta 17.1 @@@ ROGUE MODE // 2026.08.26 @ 23:42:28 Player: Zish Result: Self-destructed Performance ------------- Evolutions (2) 1000 Regions Visited (5) 1000 Robots Destroyed (48) 240 Value Destroyed (1055) 1055 Prototype IDs (35) 700 Alien Tech Used (0) 0 Bonus (300) 300 TOTAL SCORE: 4295 Bonus ------- Aligned with FarCom 300 Cogmind --------- Core Integrity 451/550 Matter 181/300 Energy 100/100 System Corruption 0% Temperature Cool (18) Movement Treading (320) Ox2 Location -8/Materials Parts ------- > --- POWER (1) -------- (None) > --- PROPULSION (4) --- Light Treads > --- UTILITY (4) ------ High-capacity Storage Unit > --- WEAPON (2) ------- Improved Assault Rifle Improved Assault Rifle > --- INVENTORY (20) --- Improved Ion Engine Improved Ion Engine Cesium-ion Thruster Weight Redist. System Hacking Suite System Shield Shotgun Shotgun Shotgun Improved Assault Rifle Gauss Cannon Gauss Cannon Rocket Launcher Datajack Hammer Longsword +1 Peak State ------------ > --- POWER ------------ Improved Ion Engine > --- PROPULSION ------- Light Treads Light Treads Light Treads Light Treads > --- UTILITY ---------- High-capacity Storage Unit Propulsion Shielding Backup Plating I Light Armor Plating > --- WEAPON ----------- Improved Assault Rifle Improved Assault Rifle > --- INVENTORY -------- Improved Ion Engine Improved Ion Engine Cesium-ion Thruster Weight Redist. System Hacking Suite System Shield Shotgun Shotgun Shotgun Improved Assault Rifle Gauss Cannon Rocket Launcher Datajack Hammer Longsword +1 [Rating: 20] Favorites ----------- Power Ion Engine Engine Ion Engine Propulsion Light Treads Treads Light Treads Utility High-capacity Storage Unit Storage High-capacity Storage Unit Protection Backup Plating I Weapon Improved Assault Rifle Ballistic Gun Improved Assault Rifle Special Melee Weapon Datajack Build | -11 -10 -10 -10 -9 -8 ------- Run | Yrd Mat Min Exi Min Mat Slots Evolved 4 | . . . . . 4 Power . | . . . . . . Propulsion 2 | . . . . . 2 Utility 2 | . . . . . 2 Weapon . | . . . . . . Parts Attached 19 | 7 4 1 3 . 4 Power 3 | 2 . 1 . . . Engine 3 | 2 . 1 . . . Core . | . . . . . . Reactor . | . . . . . . Propulsion 5 | 2 1 . . . 2 Treads 5 | 2 1 . . . 2 Leg . | . . . . . . Wheel . | . . . . . . Hover . | . . . . . . Flight . | . . . . . . Utility 4 | 1 1 . . . 2 Device . | . . . . . . Storage 2 | 1 1 . . . . Processor . | . . . . . . Hackware . | . . . . . . Protection 2 | . . . . . 2 Artifact . | . . . . . . Weapon 7 | 2 2 . 3 . . Energy Gun . | . . . . . . Energy Cannon . | . . . . . . Ballistic Gun 6 | 2 2 . 2 . . Ballistic Cannon . | . . . . . . Launcher . | . . . . . . Special Weapon . | . . . . . . Impact Weapon . | . . . . . . Slashing Weapon . | . . . . . . Piercing Weapon . | . . . . . . Special Melee Weapon 1 | . . . 1 . . Unidentified Prototypes 1 | . 1 . . . . Parts Lost 9 | . 1 1 . . 7 Power 2 | . . 1 . . 1 Propulsion 4 | . 1 . . . 3 Utility 3 | . . . . . 3 Weapon . | . . . . . . Highest Loss Streak 6 | . 1 1 . . 6 To Critical Strikes 1 | . . 1 . . . Average Backups 10 | . 8 11 14 15 14 Power 2 | . 2 2 2 2 2 Propulsion . | . . . 2 2 . Utility 1 | . . 1 3 3 2 Weapon 5 | . 3 6 6 7 8 Tool/Special . | . . . . . . Unused Backups 14 | . . 1 . . 13 Power 2 | . . . . . 2 Propulsion 1 | . . . . . 1 Utility 3 | . . . . . 3 Weapon 8 | . . 1 . . 7 Tool/Special . | . . . . . . Average Slot Usage (%) 92 | . 85 99 100 100 96 Engine 13 | . 14 13 14 14 9 Treads 29 | . 28 28 28 28 34 Storage 13 | . 14 14 14 14 9 Protection 9 | . . 14 14 14 25 Ballistic Gun 26 | . 27 28 26 28 18 Peak Build Rating 20 | 6 12 13 15 15 20 Average Rating 11 | 4 7 12 13 15 19 On Entrance 10 | . 6 12 13 15 15 Avg Prop Armor Cover (%) . | . . . . . . Naked Turns . | . . . . . . Heaviest Build 58 | 13 52 54 54 54 58 Greatest Support 80 | 40 40 40 40 40 80 Greatest Overweight (x) 1 | . 1 1 1 1 . Average Overweight (x) . | . . 1 1 1 . Largest Inventory Capacity 20 | 8 20 20 20 20 20 Average Capacity 19 | 6 19 20 20 20 20 Most Carried 16 | 1 11 14 15 15 16 Average Carried 10 | . 8 11 14 15 14 Final Capacity 20 | 8 20 20 20 20 20 Final Carried 16 | 1 11 14 15 15 16 Class Distribution -------------------- 84% | Mutant 15% | Scavenger-Mutant Dominant Class ---------------- Mutant | -10/Materials Mutant | -10/Mines Mutant | -10/Exiles Mutant | -9/Mines Scavenger-Mutant | -8/Materials Resources | -11 -10 -10 -10 -9 -8 ----------- Run | Yrd Mat Min Exi Min Mat Matter Collected 959 | 187 360 118 . . 294 Remotely . | . . . . . . Salvage Created 1613 | . 642 173 . . 798 Parts 112 | . 42 13 . . 57 Haulers Intercepted 3 | . 2 . . . 1 Recyclers Shooed 1 | . 1 . . . . Parts Field Recycled . | . . . . . . Retrieved Matter . | . . . . . . Parts Self-Destructed . | . . . . . . Prevented . | . . . . . . Parts Restored . | . . . . . . Kills | -11 -10 -10 -10 -9 -8 ------- Run | Yrd Mat Min Exi Min Mat Combat Hostiles Destroyed 34 | . 12 6 . . 16 Guns 34 | . 12 6 . . 16 Classes Destroyed 8 | . 7 . . . 1 Worker 3 | . 2 . . . 1 Builder 2 | . . . . . 2 Hauler 3 | . 2 . . . 1 Recycler 2 | . 1 . . . 1 Operator 2 | . 1 . . . 1 Watcher 2 | . 1 . . . 1 Swarmer 16 | . 6 3 . . 7 Grunt 18 | . 6 3 . . 9 Best Kill Streak 10 | . 7 3 . . 10 Combat Bots Only 5 | . 5 3 . . 4 Max Kills in Single Turn 2 | . 2 2 . . 2 Gunslinging 1 | . . 1 . . 1 Exploded . | . . . . . . Melee . | . . . . . . Uniques/NPCs Destroyed . | . . . . . . Combat | -11 -10 -10 -10 -9 -8 -------- Run | Yrd Mat Min Exi Min Mat Hostile Shots Fired 164 | . 52 19 . . 93 Missed 42 | . 16 4 . . 22 Hits 122 | . 36 15 . . 71 Projectile 122 | . 36 15 . . 71 Critical Strikes 3 | . . 1 . . 2 Damage Taken 1446 | . 396 178 . . 872 Core 134 | . 22 13 . . 99 Absorbed by Shields . | . . . . . . Redirected to Shielding 53 | . . . . . 53 Core Remaining (%) 93 | 100 . . . 86 . Volleys Fired 130 | . 53 14 . . 63 Largest 2 | . 2 2 . . 2 Hottest 46 | . 43 46 . . 46 Shots Fired 258 | . 104 28 . . 126 Gun 258 | . 104 28 . . 126 Cannon . | . . . . . . Launcher . | . . . . . . Special . | . . . . . . Kinetic 258 | . 104 28 . . 126 Thermal . | . . . . . . Explosive . | . . . . . . Electromagnetic . | . . . . . . Robot Hit Streak 16 | . 11 12 . . 16 Robot Miss Streak 5 | . 5 2 . . 4 Penetration Max . | . . . . . . Secondary Targets 5 | . 2 1 . . 2 Max Gunslinging Chain 1 | . 1 1 . . 1 Shots Hit Robots 182 | . 70 25 2 . 85 Core Hits 82 | . 31 12 . . 39 Critical Kills . | . . . . . . Critical Parts Destroyed 1 | . 1 . . . . Critical Strikes 1 | . 1 . . . . Destroy 1 | . 1 . . . . Melee Attacks 2 | . . . 2 . . Impact . | . . . . . . Slashing . | . . . . . . Piercing . | . . . . . . Sneak Attacks 2 | . . . 2 . . Combat Hostiles . | . . . . . . Follow-up Attacks . | . . . . . . Damage Inflicted 2401 | . 765 379 . . 1257 Guns 2388 | . 752 379 . . 1257 Cannons . | . . . . . . Explosions . | . . . . . . Melee . | . . . . . . Ramming 13 | . 13 . . . . Kinetic 2388 | . 752 379 . . 1257 Thermal . | . . . . . . Explosive . | . . . . . . Electromagnetic . | . . . . . . Impact . | . . . . . . Slashing . | . . . . . . Piercing . | . . . . . . Highest Corruption . | . . . . . . Average Corruption . | . . . . . . Corruption Purged . | . . . . . . Corruption Blocked . | . . . . . . Overload Shots . | . . . . . . Overflow Damage . | . . . . . . Projectiles . | . . . . . . Explosions . | . . . . . . Melee . | . . . . . . Knockbacks . | . . . . . . Impact . | . . . . . . Kinetic . | . . . . . . Secondary . | . . . . . . Self-Inflicted Damage . | . . . . . . Shots . | . . . . . . Rammed 1 | . 1 . . . . Targets Rammed 1 | . 1 . . . . Kicked . | . . . . . . Crushed . | . . . . . . Highest Temperature 26 | . 12 8 . . 26 Average Temperature 6 | . 7 3 . . 7 Received Heat Transfer 669 | . 186 78 . . 405 Siege Activations . | . . . . . . Martial Activations . | . . . . . . Shielding Activations . | . . . . . . Robots Disrupted . | . . . . . . Combat Hostiles . | . . . . . . Robots Corrupted . | . . . . . . Combat Hostiles . | . . . . . . Parts Fried . | . . . . . . Impact Corruptions . | . . . . . . Robots Melted . | . . . . . . Combat Hostiles . | . . . . . . Parts Melted . | . . . . . . Heat Transferred . | . . . . . . Parts Sabotaged . | . . . . . . Parts Stolen . | . . . . . . Parts Stripped . | . . . . . . Power Chain Reactions . | . . . . . . Alert | -11 -10 -10 -10 -9 -8 ------- Run | Yrd Mat Min Exi Min Mat Maximum Alert Level 1 | . . . . . 1 Low Security (%) 98 | 100 100 100 . 100 92 Level 1 1 | . . . . . 7 Level 2 . | . . . . . . Level 3 . | . . . . . . Level 4 . | . . . . . . Level 5 . | . . . . . . High Security . | . . . . . . Max Security . | . . . . . . Peak Influence 258 | . 122 70 . . 258 Initial . | . . . . . . Average 26 | . 21 12 . . 61 Influence Increases 951 | . 361 150 . . 440 Destroy 0b10 Robot/C 680 | . 240 120 . . 320 Destroy 0b10 Robot/NC 70 | . 35 . . . 35 Destroy Leader 130 | . 56 30 . . 44 Successful Hack 21 | . 15 . . . 6 Disable Machine 15 | . 15 . . . . Destroy Structure 5 | . . . . . 5 Lose Combat Pursuer 30 | . . . . . 30 Influence Decreases 716 | . 361 150 . . 205 Time Decay 636 | . 351 150 . . 135 Lost Part 80 | . 10 . . . 70 Squads Dispatched 4 | . 1 . . . 3 Investigation . | . . . . . . Extermination . | . . . . . . Reinforcement 4 | . 1 . . . 3 Assault . | . . . . . . Garrison . | . . . . . . Intercept . | . . . . . . Searches Triggered . | . . . . . . Construction Impeded 1 | . . . . . 1 Haulers Reinforced . | . . . . . . Active Scanning Responses . | . . . . . . Cargo Convoy Interrupts . | . . . . . . Stealth | -11 -10 -10 -10 -9 -8 --------- Run | Yrd Mat Min Exi Min Mat Distress Signals 7 | . 2 1 . . 4 Communications Jammed . | . . . . . . Distress Signals . | . . . . . . Times Spotted 55 | . 21 8 . . 26 Peak Tracking Total 7 | . 4 3 . . 7 Tactical Retreats 2 | . . . . . 2 Traps | -11 -10 -10 -10 -9 -8 ------- Run | Yrd Mat Min Exi Min Mat Traps Triggered . | . . . . . . Indirectly . | . . . . . . Trap Hack Attempts . | . . . . . . Triggered . | . . . . . . Disarmed . | . . . . . . Reprogrammed . | . . . . . . Reused . | . . . . . . Traps Extracted . | . . . . . . Installed . | . . . . . . Triggered . | . . . . . . Machines | -11 -10 -10 -10 -9 -8 ---------- Run | Yrd Mat Min Exi Min Mat Machines Disabled 1 | . 1 . . . . Max in Single Turn 1 | . 1 . . . . Machines Repaired . | . . . . . . Machines Dismantled . | . . . . . . Machines Sabotaged . | . . . . . . Overloaded Fab Kills . | . . . . . . Hacking | -11 -10 -10 -10 -9 -8 --------- Run | Yrd Mat Min Exi Min Mat Machines Accessed 11 | . 5 . 3 . 3 Terminals 5 | . 3 . . . 2 Fabricators . | . . . . . . Repair Stations 1 | . 1 . . . . Recycling Units 2 | . 1 . . . 1 Scanalyzers . | . . . . . . Garrison Access . | . . . . . . Total Hacks 37 | . 15 . 16 . 6 Successful 27 | . 8 . 16 . 3 Failed 10 | . 7 . . . 3 Catastrophic . | . . . . . . Database Lockouts . | . . . . . . Manual 4 | . 1 . 1 . 2 Terminals 12 | . 10 . . . 2 Fabricators . | . . . . . . Repair Stations 4 | . 4 . . . . Recycling Units 5 | . 1 . . . 4 Scanalyzers . | . . . . . . Garrison Access . | . . . . . . Terminal Hacks 21 | . 4 . 16 . 1 Record 17 | . 2 . 15 . . Prototype ID Bank 1 | . 1 . . . . Branch Access Points 1 | . 1 . . . . Unreport Threat 1 | . . . . . 1 Proto ID Catalog 1 | . . . 1 . . Fabricator Hacks . | . . . . . . Repair Station Hacks 2 | . 2 . . . . Scan Component 1 | . 1 . . . . Refit 1 | . 1 . . . . Recycling Unit Hacks 2 | . 1 . . . 1 Retrieve Components 2 | . 1 . . . 1 Scanalyzer . | . . . . . . Garrison Access Hacks . | . . . . . . Unauthorized Hacks 2 | . 1 . . . 1 Terminals 2 | . 1 . . . 1 Operators 2 | . 1 . . . 1 Fabricators . | . . . . . . Repair Stations . | . . . . . . Recycling Units . | . . . . . . Scanalyzers . | . . . . . . Garrison Access . | . . . . . . Data Cores Recovered . | . . . . . . Used . | . . . . . . Hacking Detections 5 | . 4 . . . 1 Full Trace Events 3 | . 2 . . . 1 Feedback Events . | . . . . . . Feedback Blocked . | . . . . . . Robot Schematics Acquired . | . . . . . . Robots Built . | . . . . . . Authchips . | . . . . . . Time . | . . . . . . Total Robot Build Rating . | . . . . . . Part Schematics Acquired . | . . . . . . Parts Built . | . . . . . . Authchips . | . . . . . . Time . | . . . . . . Total Part Build Rating . | . . . . . . Part Studies Acquired . | . . . . . . Parts Repaired . | . . . . . . Time . | . . . . . . Parts Recycled . | . . . . . . Recycled Matter . | . . . . . . Retrieved Matter . | . . . . . . Retrieved Components 12 | . 9 . . . 3 Parts Scanalyzed . | . . . . . . Part Schematics Acquired . | . . . . . . Parts Damaged . | . . . . . . Bothacking | -11 -10 -10 -10 -9 -8 ------------ Run | Yrd Mat Min Exi Min Mat Used RIF Installer . | . . . . . . Robots Hacked 2 | . . . 2 . . Non-combat 1 | . . . 1 . . Combat 1 | . . . 1 . . Robot Hacks Applied 2 | . . . 2 . . parse_system 2 | . . . 2 . . Relay Couplers Released . | . . . . . . Fabnet Peak Effective % . | . . . . . . Robots Rewired . | . . . . . . Allies Hacked . | . . . . . . Hacks Repelled . | . . . . . . Allies | -11 -10 -10 -10 -9 -8 -------- Run | Yrd Mat Min Exi Min Mat Total Allies . | . . . . . . Largest Group . | . . . . . . Highest-Rated Group . | . . . . . . Highest-Rated Ally . | . . . . . . Total Orders . | . . . . . . Ally Attacks . | . . . . . . Total Damage . | . . . . . . Kills . | . . . . . . Allies Corrupted . | . . . . . . Allies Melted . | . . . . . . Intel | -11 -10 -10 -10 -9 -8 ------- Run | Yrd Mat Min Exi Min Mat Active Infowar (turns) . | . . . . . . Robot Analysis Total . | . . . . . . Derelict Logs Recovered 1 | . . 1 . . . Drone Launches . | . . . . . . Drone Recoveries . | . . . . . . Exploration | -11 -10 -10 -10 -9 -8 ------------- Run | Yrd Mat Min Exi Min Mat Turns Passed 4074 | 80 1874 665 650 120 685 Spaces Moved 1552 | 46 724 257 268 51 206 Core 3 | 3 . . . . . Treads 1549 | 43 724 257 268 51 206 Legs . | . . . . . . Wheels . | . . . . . . Hover . | . . . . . . Flight . | . . . . . . Fastest Speed 50 | 50 160 240 240 240 160 Average Speed 223 | 152 233 240 240 240 160 Slowest Speed 240 | 160 240 240 240 240 160 Overloaded Moves . | . . . . . . Propulsion Burnouts . | . . . . . . Robots Hopped . | . . . . . . Potential Cave-ins . | . . . . . . Cave-ins Triggered . | . . . . . . Exploration Rate (%) 42 | 4 97 51 60 23 22 Regions Visited 5 Branch Regions 3 Pre-discovered Areas 1 | . . . 1 . . Known Exits Taken 1 | . 1 . . . . Unknown Exits Taken 4 | 1 . 1 1 1 . Scrap Searched . | . . . . . . Spaces Dug . | . . . . . . Terrain Destroyed . | . . . . . . Melee . | . . . . . . Projectile . | . . . . . . AOE . | . . . . . . Terrain Rammed . | . . . . . . Walls Destroyed . | . . . . . . Machines Disabled . | . . . . . . Actions | -11 -10 -10 -10 -9 -8 --------- Run | Yrd Mat Min Exi Min Mat Total 1903 | 52 811 279 276 50 435 Wait 169 | . 10 2 . . 157 Move 1547 | 45 723 256 267 50 206 Hop . | . . . . . . Pick Up 24 | . 13 5 1 . 5 Fast Attach 8 | 6 2 . . . . Attach 10 | . 2 1 3 . 4 Detach 6 | . 3 . 3 . . Swap 1 | 1 . . . . . Drop 5 | . 4 1 . . . Fire 130 | . 53 14 . . 63 Melee 2 | . . . 2 . . Ram . | . . . . . . Kick . | . . . . . . Crush 1 | . 1 . . . . Escape Stasis . | . . . . . . Rewire . | . . . . . . Trap . | . . . . . . Miscellaneous . | . . . . . . Route ------- -11/Scrapyard -10/Materials (discovered 5 exits: *Mat x3 / *Min / [*Sub]) -10/Mines (discovered 2 exits: *Mat / *Exi) -10/Exiles -9/Mines -8/Materials History --------- Turn | Location | Event 19 | -11/Scrapyard | Discovered new exit (range 15) 81 | -11/Scrapyard | Entered Materials 310 | -10/Materials | Build established: Mutant 386 | -10/Materials | Discovered new exit (range 7) 822 | -10/Materials | Discovered new exit (range 7) 1246 | -10/Materials | Identified exit to Mines 1354 | -10/Materials | Discovered new exit (range 12) 1467 | -10/Materials | Discovered new exit (range 12) 1567 | -10/Materials | Discovered new exit (range 15) 1955 | -10/Materials | Entered Mines 2091 | -10/Mines | Met a Derelict bent on vengeance 2308 | -10/Mines | Identified exit to Materials 2382 | -10/Mines | Received a Rocket Launcher from a helpful Derelict 2444 | -10/Mines | Joined a pair of Derelicts in attacking an 0b10 outpost 2604 | -10/Mines | Deemed a non-threat by the Exiles lab entrance 2606 | -10/Mines | Discovered new exit (range 5) 2620 | -10/Mines | Entered Exiles 2676 | -10/Exiles | Met 8R-AWN 2721 | -10/Exiles | Met EX-HEX 2885 | -10/Exiles | Met EX-BIN 2918 | -10/Exiles | Aligned with FarCom system 2921 | -10/Exiles | Given EX-Vault access code 3010 | -10/Exiles | Opened EX-Vault 3024 | -10/Exiles | Found Longsword +1 3073 | -10/Exiles | Warned to stay clear of 0b10 Research branches 3155 | -10/Exiles | Met EX-DEC 3164 | -10/Exiles | Learned location of Zion (-6) 3241 | -10/Exiles | Discovered new exit (range 11) 3270 | -10/Exiles | Left Exiles lab with Longsword +1 3270 | -10/Exiles | Entered Mines 3333 | -9/Mines | Discovered new exit (range 9) 3390 | -9/Mines | Entered Materials 3390 | -8/Materials | Evolved 4 slots: Propulsion x2, Utility x2 3699 | -8/Materials | Build established: Scavenger-Mutant 4075 | -8/Materials | Self-destructed Last Messages --------------- 04043_ Propulsion Shielding destroyed. 04044_ K-01 Serf collects debris. 04051_ G-47 Trooper destroyed. 04051_ Switching to secondary target: G-47 Trooper. 04051_ K-01 Serf collects debris. 04059_ Lgt. Treads destroyed. 04061_ K-01 Serf collects debris. 04063_ G-47 Trooper destroyed. 04063_ Switching to secondary target: G-47 Trooper. 04063_ G-47 Trooper destroyed. 04064_ K-01 Serf collects debris. 04067_ Backup Plating I destroyed. 04067_ K-01 Serf collects debris. 04069_ Critical hit (Burn: +37). 04071_ Lgt. Treads destroyed. 04071_ K-01 Serf collects debris. 04073_ Imp. Ion Engine destroyed. 04073_ K-01 Serf collects debris. Map ----- +----------------------------------------------------+ | ?????????????????????????????????????????????????? | | ?????????????????????????????????????????????????? | | ?????????????????????????????????????????????????? | | ?????????????????????????????????????????????????? | | ?????????????????????????????????????????????????? | | ?????????????????????????????????????????????????? | | ?????????????????????????????????????????????????? | | ?????????????????????????????????????????????????? | | ?????????????????????????????????????????????????? | | ?????????????????????????????????????????????????? | | ?????????????????????????????????????????????????? | | ?????????????????????????????????????????????????? | | ?????????????????????????????????????????????????? | | ?????????????????????????????????????????????????? | | ??????????????????????????????????????#??????????? | | ????????????????????????????????????? #??????????? | | ?????????????????###########???????? #??????????? | | ?????????????????# #??????? #??????????? | | ?????????????????# ######## ##?????????? | | ?????????????????# * # ??????????? | | ?????????????????# === # ????????????? | | ?????????????????######+#### ??????????????? | | ????????????????????# *[[*## #????????????????? | | ????????????????????# *==##*= # =????????? | | ??????????????? """[+^ T!!g! C / ????????? | | ?????????????# *#=k!k@### ### ""??????????? | | ?????????????# # *!#?# #??????????????????? | | ?????????????# ! ?###g###?# #??????????????????? | | ?????????????#####????#g#???# #??????????????????? | | ??????????????????????# #???# #??????????????????? | | ??????????????????????# #???# #??????????????????? | | ??????????????????????# ????# #??????????????????? | | ??????????????????????#w??###+#################### | | ??????????????????????# ??# ## | | ??????????????????????# ??# o """ """ ## """ """ | | ??????????????????????# ??# """ "T" ## """!""" | | ??????????????????????????# %""" ##! """ """ | | ??????????????????????????# ## [* != | | ??????????????????????????#######+####+########+## | | ???????????????????????????????# % %= | | ???????????????????????????????# = | | ???????????????????????????????# | | ???????????????????????????????# ##### | | ????????????????????????######?# #???# | | ????????????????????????# #?# #???# | | ????????????????????????# #?# #???# | | ????????????????????????# #?# #???# | | ????????????????????????# #?# """ #???# | | ????????????????????????# ### """ ##???# | | ????????????????????????# " / """ #????#[[ | +----------------------------------------------------+ Best States ------------- Heat Dissipation 31 Energy Generation 12 Energy Capacity 265 Matter Stores 300 Matter Capacity 300 Sight Range 16 Terrain Scan Density 10 Armor Coverage 230 Propulsion Shielding 33 Evasion (%) 40 Recoil Reduction 4 Item Schematics ----------------- None Robot Schematics ------------------ None Fabricated ------------ Nothing Repaired ---------- Nothing Studied --------- None Alien Tech Used ----------------- None Achievements -------------- None Challenges ------------ None Game ------ Seed GyrokineticVoltaicBeacon Manual? 0 Play Time 00:18:55 Cumulative 47.9 hours Start 2026.08.26 @ 23:26:54 End 2026.08.26 @ 23:42:28 Sessions 1 Manual Loads 0 Difficulty Rogue Special Mode None Game No. 119 Rogue 119 Adventurer 0 Explorer 0 Win Type - Total 0 Types 0/0/0/0/0/0/0/0/0/0 Lore% 21 Gallery% 30 Achievement% 27 Wizard Run 0 Options --------- Layout 1 ASCII 0 Keyboard 1 Movement Vi Keybinds 0 Fullscreen 1 Font 24/Smallcaps Map View 50x35 Zoom Use 0% Tactical HUD 1 Map Filters NONE Filters NONE Steam 1 RUN: be4ea3e4-bed2-4092-94a1-b76ef2cc2c60